 Dungeon Crawl Stone Soup version 0.25-a0-597-gb30770a (webtiles) character file.

Game seed: 39435886486563416, levelgen mode: deterministic

44 Faels the Twirler (level 3, -2/28 HPs)
             Began as a Demonspawn Gladiator on Mar 14, 2020.
             Slain by Terence
             ... wielding a +0 morningstar
              (12 damage)
             ... on level 1 of the Dungeon.
             The game lasted 00:03:10 (917 turns).

Faels the Twirler (Demonspawn Gladiator)             Turns: 917, Time: 00:03:10

Health: -2/28      AC:  6    Str: 14    XL:     3   Next: 39%
Magic:  3/3        EV: 12    Int:  9    God:
Gold:   43         SH:  0    Dex: 15    Spells: 2/2 levels left

rFire    + . .     SeeInvis .   a - +0 quarterstaff
rCold    . . .     Gourm    .   (shield currently unavailable)
rNeg     . . .     Faith    .   h - +0 ring mail
rPois    .         Spirit   .   c - +0 helmet
rElec    .         Reflect  .   (no cloak)
rCorr    .         Harm     .   (no gloves)
MR       .....                  (no boots)
Stlth    +.........             (no amulet)
HPRegen  0.09/turn              l - ring of protection from fire
MPRegen  0.08/turn              (no ring)

@: no status effects
A: rot immunity
a: no special abilities


You were on level 1 of the Dungeon.
You were not hungry.

You visited 1 branch of the dungeon, and saw 2 of its levels.

You collected 43 gold pieces.

Inventory:

Hand Weapons
 a - a +0 quarterstaff (weapon)
Missiles
 d - 3 throwing nets (quivered)
Armour
 c - a +0 helmet (worn)
 h - a +0 ring mail (worn)
 k - a +0 chain mail
 m - a cursed +0 scale mail
Jewellery
 l - a ring of protection from fire (left hand)
Scrolls
 e - a scroll of identify
Comestibles
 f - 3 rations
 g - a chunk of flesh


   Skills:
 + Level 2.5 Fighting
 * Level 3.4 Staves
 - Level 1.8 Throwing
 + Level 3.1 Dodging


You had 2 spell levels left.
You didn't know any spells.
Your spell library was empty.

Dungeon Overview and Level Annotations

Branches:
Dungeon (2/15)

Altars:

Annotations:
D:1 Terence


Innate Abilities, Weirdness & Mutations

You are immune to rotting.


Message History

You hit Terence but do no damage. Terence hits you but does no damage.
Terence hits you with a +0 morningstar! Terence hits you but does no damage.
There is a stone staircase leading up here.
As you read the scroll labeled HAGUOTWOJIO, it crumbles to dust.
It is a scroll of identify.
j - a scroll of fog Terence closely misses you. x2
Terence misses you.
You climb upwards.
There is a stone staircase leading down here.
As you read the scroll of fog, it crumbles to dust.
The scroll dissolves into smoke.
Terence closely misses you. Terence barely misses you.
Terence barely misses you. Terence hits you with a +0 morningstar!
Terence rages.
Terence closely misses you. Terence hits you with a +0 morningstar!
You die...

#.########....)............ #.#
#.#.##########...# #.# #.#.#
#.... #.# #.#.# #..## #.#
#.#.### #..# #.########....§#
#..# #######.#........###§##
#..# >...............@#
#§§#######..#
######....######@###§§.........#
#.#.÷.# #§§§§§########..#
#...÷.## ###§§## #.......#
####...## ##§# #.......##
#.###.# #§# #......... #.# #.#
#§# #.....#.## #.###.# #.#
#.....#.## ##...## #.# ###.###.#
#.#.# #.# #.###.##


You could see Terence (berserk).

Vanquished Creatures
  2 oozes (D:1)
  2 dart slugs (D:1)
  2 giant cockroaches (D:1)
  6 goblins (D:1)
  2 hobgoblins (D:1)
  2 jackals (D:1)
  4 kobolds (D:1)
  4 bats (D:1)
  3 frilled lizards (D:1)
  5 rats (D:1)
32 creatures vanquished.

Notes
Turn   | Place    | Note
-------+----------+-------------------------------------------
     0 | D:1      | Faels the Demonspawn Gladiator began the quest for the Orb.
     0 | D:1      | Reached XP level 1. HP: 16/16 MP: 1/1
   148 | D:1      | Gained mutation: You are immune to rotting. [demonic
                  | ancestry]
   148 | D:1      | Reached XP level 2. HP: 22/22 MP: 2/2
   613 | D:1      | Reached XP level 3. HP: 28/28 MP: 3/3
   892 | D:2      | Noticed Terence
   917 | D:1      | Slain by Terence

Levels and vault maps discovered:
D:1:      minmay_arrival_semitransparent, layout_loops_ring,
          minmay_misc_feat_tiny
D:2:      layout_loops_ring, gammafunk_temple_overflow_elements,
          minmay_misc_feat_plants, uniq_robin, uniq_terence

Skill      XL: |  1  2 |
---------------+-------+-----
Staves         | 3 |  3.4
Dodging        | 3 |  3.1
Fighting       | |  2.5
Throwing       | |  1.8

Action                   || total
-------------------------++-------
Melee: Quarterstaff      ||    96
  Use: Scroll            ||     2
Armor: Leather armour    ||     4
       Ring mail         ||    26
Dodge: Dodged            ||    73

Table legend:
 A = Non-vault XP
 B = Vault XP
 C = Vault XP percentage of total XP
 D = Non-vault monster count
 E = Vault monster count
 F = Vault count percentage of total count
                 A         B        C        D         E       F
            +---------+---------+-------+---------+---------+-------
      Total |      63 |       0 |   0.0 |      32 |       0 |   0.0
            +---------+---------+-------+---------+---------+-------
        D:1 |      63 |       0 |   0.0 |      32 |       0 |   0.0
            +---------+---------+-------+---------+---------+-------
